[Event "Titled Tuesday Blitz February 21 Late 2023"]
[White "Nihal Sarin"]
[Black "Bilych, Olexiy"]
[WhiteFideId "25092340"]
[BlackFideId "14156504"]
[WhiteElo "2673"]
[BlackElo "2441"]
[Result "1-0"]
[Round "05"]
[TimeControl "180+2"]
[Date "2023.02.21"]
[WhiteClock "0:00:08"]
[BlackClock "0:00:06"]

1. e4 c5 2. Nf3 Nc6 3. Bb5 e5 4. O-O Bd6 5. d4 cxd4 6. c3 a6 7. Bxc6 dxc6 8. cxd4 Qe7 9. Nbd2 Bg4 10. Nc4 Rd8 11. h3 Bxf3 12. Qxf3 Nf6 13. Bg5 O-O 14. Rfe1 h6 15. Bh4 Qe6 16. b3 Bb4 17. dxe5 Bxe1 18. Rxe1 g5 19. exf6 gxh4 20. e5 b5 21. Nd6 Rxd6 22. Qf4 Kh7 23. Qe4+ Kh8 24. Qxh4 Kh7 25. Qe4+ Kh8 26. exd6 Qxd6 27. Qe7 Qxe7 28. fxe7 Re8 29. Rc1 Rxe7 30. Rxc6 Re1+ 31. Kh2 Re2 32. Rxh6+ Kg7 33. Rxa6 Rxf2 34. a4 bxa4 35. bxa4 f5 36. Kg3 Rf1 37. a5 Kf7 38. Rb6 Ra1 39. a6 Ra4 40. Kf3 Kg7 41. Ke3 Kf7 42. Kd3 Ke7 43. Rb7+ Kd6 44. a7 Kc6 45. Rf7 f4 46. h4 Kb6 47. h5 1-0


[Site "https://www.chess.com"]

[Event "Titled Tuesday Blitz February 21 Late 2023"]
[White "Golubka, Petro"]
[Black "Vachier-Lagrave, Maxime"]
[WhiteFideId "14114224"]
[BlackFideId "623539"]
[WhiteElo "2371"]
[BlackElo "2742"]
[Result "0-1"]
[Round "05"]
[TimeControl "180+2"]
[Date "2023.02.21"]
[WhiteClock "0:00:33"]
[BlackClock "0:00:25"]

1. d4 Nf6 2. c4 e6 3. a3 c5 4. e3 d5 5. Nf3 cxd4 6. exd4 Be7 7. Bg5 O-O 8. Nc3 dxc4 9. Bxc4 Nbd7 10. Bb3 h6 11. Bh4 Nb6 12. O-O Bd7 13. Qd3 Rc8 14. Ne5 Bc6 15. Rad1 Re8 16. Rfe1 Nbd5 17. Bg3 Qb6 18. Nxc6 Qxb3 19. Nxa7 Rcd8 20. Nxd5 Qxd5 21. Nb5 Qd7 22. Qb3 Nd5 23. Rc1 Rc8 24. h4 Bf6 25. h5 Rc6 26. a4 Rd8 27. Be5 Bxe5 28. dxe5 Nf4 29. Nd6 Rxc1 30. Rxc1 Ne2+ 0-1


[Site "https://www.chess.com"]

[Event "Titled Tuesday Blitz February 21 Late 2023"]
[White "Hambleton, Aman"]
[Black "Sarana, Alexey"]
[WhiteFideId "2606577"]
[BlackFideId "24133795"]
[WhiteElo "2420"]
[BlackElo "2685"]
[Result "0-1"]
[Round "05"]
[TimeControl "180+2"]
[Date "2023.02.21"]
[WhiteClock "0:00:01"]
[BlackClock "0:00:04"]

1. d4 Nf6 2. Bf4 d5 3. e3 c5 4. c3 Nc6 5. Nd2 e6 6. Ngf3 Nh5 7. Be5 f6 8. Bg3 g6 9. Bd3 Be7 10. O-O O-O 11. Re1 c4 12. Bc2 Nxg3 13. hxg3 f5 14. b3 b5 15. a4 b4 16. bxc4 bxc3 17. Nb1 Qa5 18. cxd5 exd5 19. Qd3 Bd7 20. Qb5 Rfc8 21. Nxc3 Qxc3 22. Qxd5+ Kf8 23. Bb3 Kg7 24. Qxd7 Qxb3 25. d5 Rd8 26. Qxc6 Qxd5 27. Qxd5 Rxd5 28. Red1 Rad8 29. Rxd5 Rxd5 30. Rc1 Bc5 31. Kf1 Bb6 32. Ke2 h6 33. Rc4 Kf6 34. Rc6+ Kg7 35. Nh4 g5 36. Nf3 Ra5 37. Rc4 Kf6 38. g4 fxg4 39. Rxg4 h5 40. Rc4 g4 41. Nd2 Ke6 42. g3 Rd5 43. Ne4 Re5 44. Nc3 Kd7 45. Kd3 Rf5 46. Ke2 Ba5 47. Nb5 a6 48. Nd4 Rg5 49. Nb3 Bb6 50. Re4 Rf5 51. Nd2 Bc7 52. Nc4 Rc5 53. Rd4+ Kc6 54. Kd3 Rf5 55. Ke2 Kc5 56. Re4 Rf7 57. Nd2 Kd5 58. Rd4+ Kc6 59. Rc4+ Kd5 60. Rd4+ Kc6 61. Nb3 Bd6 62. Rc4+ Kd5 63. Rd4+ Kc6 64. Rc4+ Kb6 65. Nd4 Rd7 66. Kd3 Kb7 67. Ke4 Bc7 68. Rb4+ Kc8 69. Rc4 Re7+ 70. Kd5 Kb7 71. Rb4+ Kc8 72. Ne6 Rd7+ 73. Ke4 Re7 74. Kf5 Rf7+ 75. Kg6 Rxf2 76. Rc4 Kd7 77. Nxc7 h4 78. Rxg4 h3 79. Rh4 Kxc7 80. Rxh3 Rf3 81. Rh7+ Kd6 82. g4 Rxe3 83. Ra7 Ke5 84. Rxa6 Kf4 85. g5 Re5 86. Rf6+ Kg4 87. Kf7 Kxg5 88. Ra6 Kf5 89. Rb6 Ke4 90. Re6 Kd5 0-1


[Site "https://www.chess.com"]

[Event "Titled Tuesday Blitz February 21 Late 2023"]
[White "Koziorowicz, Michal"]
[Black "Kollars, Dmitrij"]
[WhiteFideId "21809194"]
[BlackFideId "12909572"]
[WhiteElo "2307"]
[BlackElo "2607"]
[Result "1-0"]
[Round "05"]
[TimeControl "180+2"]
[Date "2023.02.21"]
[WhiteClock "0:00:12"]
[BlackClock "0:00:09"]

1. e4 c6 2. d4 d5 3. e5 Bf5 4. Nc3 e6 5. g4 Bg6 6. Nge2 h6 7. Nf4 Bh7 8. h4 c5 9. g5 Bf5 10. g6 fxg6 11. Bd3 Ne7 12. Bxf5 Nxf5 13. Nxe6 Qd7 14. Nxd5 Na6 15. Ndf4 cxd4 16. Qg4 Bb4+ 17. Bd2 Bxd2+ 18. Kxd2 Qf7 19. Rag1 Rc8 20. Qxg6 Nb4 21. c3 dxc3+ 22. bxc3 Nc6 23. Qxf5 g5 24. hxg5 Qd7+ 25. Ke1 Ne7 26. Ng7+ Kd8 27. Qxd7+ Kxd7 28. gxh6 Rxc3 29. h7 Rc4 30. Ngh5 Re4+ 31. Kf1 Rxe5 32. Rg7 Kc6 33. Ng6 Nxg6 34. Rxg6+ Kb5 35. Nf6 Rf5 36. Rg8 Rxh7 37. Nxh7 1-0


[Site "https://www.chess.com"]

[Event "Titled Tuesday Blitz February 21 Late 2023"]
[White "Horvath, Dominik"]
[Black "Deac, Bogdan-Daniel"]
[WhiteFideId "1642561"]
[BlackFideId "1226380"]
[WhiteElo "2523"]
[BlackElo "2700"]
[Result "1-0"]
[Round "05"]
[TimeControl "180+2"]
[Date "2023.02.21"]
[WhiteClock "0:00:22"]
[BlackClock "0:00:01"]

1. e4 d5 2. exd5 Nf6 3. d4 Nxd5 4. c4 Nf6 5. Nc3 Bf5 6. Nf3 e6 7. Be2 Nbd7 8. O-O c6 9. Nh4 Bg6 10. Nxg6 hxg6 11. Bf4 Be7 12. Re1 O-O 13. Bf1 Nb6 14. Qd3 Qd7 15. Rad1 Rad8 16. Qf3 Rfe8 17. h4 Qc8 18. g3 a6 19. b3 Nbd7 20. Bg2 Bb4 21. Re2 Nf8 22. Na4 Ba5 23. Nc5 Bc7 24. Bg5 N8h7 25. Bc1 Bb6 26. Red2 e5 27. dxe5 Rxd2 28. Bxd2 Bxc5 29. exf6 Nxf6 30. Re1 Rxe1+ 31. Bxe1 Qe6 32. Kf1 Bd4 33. Qe2 Qd7 34. Bb4 Ng4 35. Be1 Qf5 36. Be4 Qe6 37. Qd3 c5 38. Kg2 Nf6 39. f3 Nd7 40. Bd2 b6 41. Bd5 Qd6 42. Bf4 Qf6 43. Qe4 Be5 44. Be3 Kf8 45. Bb7 a5 46. Qd5 Qd6 47. f4 Qxd5+ 48. Bxd5 Bd6 49. Kf3 f5 50. Bc6 Nf6 51. Bd2 Ke7 52. Bc3 Kf7 53. Bxf6 gxf6 54. Bd5+ Kg7 55. Be6 Kh6 56. Bd5 Kh5 57. Bf7 Kh6 58. Bd5 g5 59. Be6 Kg6 60. h5+ Kxh5 61. Bxf5 gxf4 62. gxf4 Kh6 63. Ke4 Kg7 64. Be6 Kf8 65. f5 Ke7 66. Kd5 Bf4 67. Kc6 Bd2 68. Kxb6 Kd6 69. Kb5 Bb4 70. Ka4 Kc7 71. a3 Bc3 72. Kb5 Kd6 73. Kb6 Bd2 74. Ka6 1-0


[Site "https://www.chess.com"]

[Event "Titled Tuesday Blitz February 21 Late 2023"]
[White "Msellek, Ilyass"]
[Black "Martinez Alcantara, Jose Eduardo"]
[WhiteFideId "675938"]
[BlackFideId "3805662"]
[WhiteElo "2420"]
[BlackElo "2619"]
[Result "0-1"]
[Round "05"]
[TimeControl "180+2"]
[Date "2023.02.21"]
[WhiteClock "0:00:01"]
[BlackClock "0:00:39"]

1. d4 Nf6 2. Nf3 e6 3. Bg5 h6 4. Bh4 c5 5. e3 Be7 6. Nbd2 b6 7. Bd3 Bb7 8. O-O d6 9. c3 Nbd7 10. a4 cxd4 11. exd4 a6 12. Qe2 O-O 13. h3 Re8 14. Rfe1 Qc7 15. Bg3 Bf8 16. Qf1 Red8 17. Ne4 Nxe4 18. Bxe4 Nf6 19. Bxb7 Qxb7 20. Qd3 Re8 21. Re2 b5 22. axb5 axb5 23. Ree1 Nd5 24. Nd2 Qc6 25. Nb3 Nb6 26. Na5 Qd7 27. b3 Rec8 28. c4 bxc4 29. bxc4 Qd8 30. Reb1 Nd7 31. Nb7 Rxa1 32. Nxd8 Rxb1+ 33. Qxb1 Rxd8 34. Qb7 Nf6 35. Qc7 Ra8 36. Bxd6 Ne8 37. Qb7 Ra1+ 38. Kh2 Nxd6 39. Qb2 Ra4 40. c5 Nf5 41. c6 Rxd4 42. g4 Nh4 43. Qxd4 Nf3+ 44. Kg2 Nxd4 45. c7 Ne2 46. c8=Q Nf4+ 47. Kf3 Nxh3 48. Qa8 g5 49. Kg3 Nf4 50. Qa7 Bg7 51. Qb8+ Kh7 52. Qb1+ Kg8 53. Qb8+ Bf8 54. Qb3 Ng6 55. Qb6 Be7 56. Qb8+ Kg7 57. Qb2+ Bf6 58. Qb7 Be5+ 59. Kf3 Bd4 60. Ke4 Bf6 61. Kd3 Ne5+ 62. Ke4 Nxg4 63. Qa7 Ne5 64. f3 Nc4 65. Qb7 Nd6+ 0-1


[Site "https://www.chess.com"]

[Event "Titled Tuesday Blitz February 21 Late 2023"]
[White "Babazada, Khazar"]
[Black "Trost, Edvin"]
[WhiteFideId "13413554"]
[BlackFideId "1729519"]
[WhiteElo "2474"]
[BlackElo "2399"]
[Result "1-0"]
[Round "05"]
[TimeControl "180+2"]
[Date "2023.02.21"]
[WhiteClock "0:01:20"]
[BlackClock "0:01:07"]

1. e4 c5 2. d4 cxd4 3. c3 d3 4. Bxd3 Nc6 5. Ne2 g6 6. O-O Bg7 7. Be3 Nf6 8. h3 O-O 9. Nd2 d5 10. Qc2 Qc7 11. Nf4 Rd8 12. exd5 Nxd5 13. Nxd5 Rxd5 14. Bc4 Rd8 15. Rad1 Bf5 16. Qa4 a6 17. Bb3 b5 18. Qh4 Bf6 19. Bg5 Bxg5 20. Qxg5 Na5 21. Rfe1 Nxb3 22. Nxb3 e5 23. h4 h5 24. Qe3 Be6 25. Nc5 Bxa2 26. Rxd8+ Rxd8 27. Nxa6 Qd6 28. Nb4 Bc4 29. Qxe5 Qxe5 30. Rxe5 Rd1+ 31. Kh2 Rd2 32. Kg3 Rxb2 33. Nc6 Rc2 34. Re3 Kg7 35. Nd4 Rb2 36. Nf3 b4 37. cxb4 Rxb4 38. Re4 Ra4 39. Kf4 Bb3 40. Rxa4 Bxa4 41. Nd2 Bc6 42. f3 Kf6 43. Nb3 Bd5 44. Nc5 Bc6 45. Nd3 Bd5 46. Ke3 Kf5 47. Nf2 Bb7 48. Nh3 f6 49. Nf4 g5 50. hxg5 fxg5 51. Nxh5 g4 52. Ng3+ Kg6 53. Ne4 gxf3 54. gxf3 Kf5 55. Nd6+ 1-0


[Site "https://www.chess.com"]

[Event "Titled Tuesday Blitz February 21 Late 2023"]
[White "Makarian, Rudik"]
[Black "Preotu, Razvan"]
[WhiteFideId "44105681"]
[BlackFideId "2613280"]
[WhiteElo "2545"]
[BlackElo "2475"]
[Result "1-0"]
[Round "05"]
[TimeControl "180+2"]
[Date "2023.02.21"]
[WhiteClock "0:00:43"]
[BlackClock "0:00:04"]

1. d4 Nf6 2. c4 g6 3. Nf3 Bg7 4. Nc3 d5 5. g3 O-O 6. cxd5 Nxd5 7. Bg2 c5 8. O-O Nxc3 9. bxc3 Nc6 10. d5 Na5 11. e4 b6 12. Qc2 e6 13. Bg5 Qd7 14. Rad1 exd5 15. exd5 Qb5 16. Be7 Bf5 17. Qc1 Rfe8 18. d6 Nc6 19. Nh4 Bd7 20. Rfe1 Rac8 21. Bd5 Nxe7 22. dxe7 Bc6 23. c4 Qa4 24. Qf4 Bxd5 25. cxd5 Qxf4 26. gxf4 Bf6 27. d6 Bxh4 28. d7 Kg7 29. dxc8=Q Rxc8 30. e8=Q 1-0


[Site "https://www.chess.com"]

[Event "Titled Tuesday Blitz February 21 Late 2023"]
[White "Bjelobrk, Igor"]
[Black "Svane, Rasmus"]
[WhiteFideId "4300726"]
[BlackFideId "4657101"]
[WhiteElo "2403"]
[BlackElo "2623"]
[Result "0-1"]
[Round "05"]
[TimeControl "180+2"]
[Date "2023.02.21"]
[WhiteClock "0:00:14"]
[BlackClock "0:00:06"]

1. d4 d5 2. c4 e6 3. g3 a6 4. Bg2 dxc4 5. Nf3 b5 6. Ne5 c6 7. O-O Bb7 8. b3 cxb3 9. Qxb3 Nf6 10. Rd1 Be7 11. Nc3 O-O 12. Ne4 Nbd7 13. Nxc6 Bxc6 14. Nxf6+ Nxf6 15. Bxc6 Rb8 16. Bf3 Qb6 17. e4 Rbc8 18. Be3 Qa5 19. Rac1 h6 20. d5 Rxc1 21. Rxc1 e5 22. Kg2 Ne8 23. Rc6 Nd6 24. Bc5 Nc8 25. Rxc8 Rxc8 26. Bxe7 Qe1 27. Ba3 a5 28. d6 b4 29. Bb2 Qd2 30. d7 Qxd7 31. Bxe5 Qb5 32. Qb2 f6 33. Bf4 a4 34. e5 fxe5 35. Bxe5 a3 36. Qb3+ Kh8 37. Bf4 Rf8 38. h4 Qc5 39. Qd3 Qc3 40. Qd5 b3 41. Be5 Qxf3+ 42. Qxf3 Rxf3 43. axb3 Rxb3 44. Kf1 Rb1+ 45. Ke2 a2 0-1


[Site "https://www.chess.com"]

[Event "Titled Tuesday Blitz February 21 Late 2023"]
[White "Rasulov, Vugar"]
[Black "Costachi, Mihnea"]
[WhiteFideId "13402390"]
[BlackFideId "1217518"]
[WhiteElo "2523"]
[BlackElo "2476"]
[Result "0-1"]
[Round "05"]
[TimeControl "180+2"]
[Date "2023.02.21"]
[WhiteClock "0:00:05"]
[BlackClock "0:00:05"]

1. d4 Nf6 2. c4 c6 3. Nc3 d5 4. e3 g6 5. Nf3 Bg7 6. Be2 O-O 7. O-O Bf5 8. Qb3 Qb6 9. cxd5 Qxb3 10. axb3 Nxd5 11. Bd2 Nd7 12. Rfc1 N7f6 13. Ne5 Rfd8 14. f3 Nxc3 15. bxc3 Nd7 16. Nc4 Be6 17. Na5 Rab8 18. b4 Rdc8 19. Nxb7 Rxb7 20. Ba6 Rcc7 21. Bxb7 Rxb7 22. Ra5 Bc4 23. Rca1 a6 24. Rxa6 Bxa6 25. Rxa6 Nb6 26. Kf2 f5 27. Ke2 Kf7 28. Kd3 e5 29. c4 e4+ 30. fxe4 fxe4+ 31. Kc3 Ke7 32. g4 Kd7 33. h4 Bf8 34. Kb3 Nc8 35. Ra1 Be7 36. h5 Ke6 37. Ra5 Bd6 38. Ra8 Rb8 39. Ra6 Rb6 40. Ra1 Rb7 41. hxg6 hxg6 42. Ra8 Ne7 43. Ra5 Kf6 44. Be1 Ke6 45. Ra8 Rb8 46. Ra6 Rb7 47. Ka4 Kd7 48. Kb3 Nc8 49. Ra2 Ra7 50. Rh2 Ke6 51. Rh8 Ne7 52. Rh7 Nc8 53. Rh6 Kf7 54. Bh4 Kg7 55. g5 Ne7 56. Bf2 Nf5 57. Rh1 Bg3 58. Bxg3 Nxg3 59. Re1 Nf5 60. b5 cxb5 61. c5 Kf7 62. Kb4 Ke6 63. Kxb5 Kd5 64. Kb6 Ra3 65. Kc7 Rxe3 66. Rh1 Nxd4 67. Rh6 Rc3 68. Rxg6 Rxc5+ 69. Kd7 e3 70. Rd6+ Ke5 71. g6 e2 72. g7 e1=Q 73. g8=Q Rc7+ 74. Kxc7 Qa5+ 75. Rb6 Qa7+ 76. Rb7 Qc5+ 77. Kb8 Nc6+ 78. Kc8 Ne7+ 79. Kd7 Nxg8 80. Rc7 Qd5+ 81. Kc8 Nf6 82. Re7+ Kf5 83. Rc7 Qa8# 0-1


[Site "https://www.chess.com"]

[Event "Titled Tuesday Blitz February 21 Late 2023"]
[White "Jaracz, Pawel"]
[Black "Anton Guijarro, David"]
[WhiteFideId "1102222"]
[BlackFideId "2285525"]
[WhiteElo "2467"]
[BlackElo "2690"]
[Result "0-1"]
[Round "05"]
[TimeControl "180+2"]
[Date "2023.02.21"]
[WhiteClock "0:00:04"]
[BlackClock "0:00:04"]

1. Nf3 d5 2. g3 Bg4 3. Bg2 e6 4. h3 Bh5 5. c4 c6 6. O-O Nd7 7. cxd5 exd5 8. d3 Bd6 9. Nc3 Ne7 10. Qb3 Nc5 11. Qc2 O-O 12. e3 a5 13. Ne2 Bg6 14. Rd1 h6 15. Nf4 Bh7 16. b3 Ne6 17. Bb2 Nxf4 18. exf4 Re8 19. Qc3 Nf5 20. a3 Bf8 21. Re1 Qb6 22. Ne5 Qc5 23. Qd2 Qb6 24. Qc3 Red8 25. g4 Nh4 26. Nf3 Nxg2 27. Kxg2 d4 28. Qc4 c5 29. f5 Qc7 30. Re4 Kh8 31. Ne5 Bg8 32. f6 gxf6 33. Nf3 Qd7 34. a4 Bh7 35. Re2 Re8 36. Rae1 Rxe2 37. Rxe2 Re8 38. Rxe8 Qxe8 39. Qd5 b6 40. Qb7 Bxd3 41. Qxb6 Be4 42. Qxf6+ Bg7 43. Qf4 Qc6 44. Kg3 Kg8 45. Ne5 Qd5 46. Nc4 Bg6 47. Bc1 Qh1 48. Qf3 Qg1+ 49. Qg2 Qxc1 50. h4 Qc3+ 51. f3 Qxb3 52. Nd6 Qb8 0-1


[Site "https://www.chess.com"]

[Event "Titled Tuesday Blitz February 21 Late 2023"]
[White "Timmermans, Mark"]
[Black "Melkumyan, Hrant"]
[WhiteFideId "1026399"]
[BlackFideId "13302485"]
[WhiteElo "2392"]
[BlackElo "2645"]
[Result "1/2-1/2"]
[Round "05"]
[TimeControl "180+2"]
[Date "2023.02.21"]
[WhiteClock "0:00:23"]
[BlackClock "0:00:05"]

1. e4 c6 2. d4 d5 3. e5 Bf5 4. h4 h5 5. Bg5 Qa5+ 6. c3 e6 7. Bd3 Ne7 8. Bxe7 Bxe7 9. Bxf5 exf5 10. Nd2 Na6 11. Ne2 Nc7 12. b4 Qa6 13. a4 Ne6 14. Qb3 g6 15. g3 Qd3 16. Qb1 Qxb1+ 17. Rxb1 O-O 18. Nf4 a5 19. Nxe6 fxe6 20. bxa5 Rfb8 21. Nb3 b5 22. axb5 Rxb5 23. Kd2 f4 24. Kc2 Rf8 25. Rhf1 Kg7 26. Ra1 Rfb8 27. a6 c5 28. a7 Ra8 29. Nxc5 Bxc5 30. dxc5 Rxc5 31. Ra6 d4 32. Rb1 Rxc3+ 33. Kd2 Rc7 34. gxf4 Raxa7 35. Rxa7 Rxa7 36. Rb4 Ra2+ 37. Ke1 d3 38. Rd4 Re2+ 39. Kf1 Rd2 40. Ke1 Re2+ 41. Kf1 Rd2 42. Kg2 Kf7 43. Kf3 Rd1 44. Ke3 Rh1 45. Rd7+ Kf8 46. Rxd3 Rxh4 47. Rd6 Rh3+ 48. Ke2 Ke7 49. Ra6 Rc3 50. Ra7+ Kf8 51. Ra6 Kf7 52. Ra7+ Kf8 53. Ra6 Kf7 54. Ra7+ Kg8 55. Ra6 Rc2+ 56. Kf3 Rc3+ 57. Ke2 Rc2+ 58. Kf3 Rc3+ 59. Ke2 1/2-1/2


[Site "https://www.chess.com"]

[Event "Titled Tuesday Blitz February 21 Late 2023"]
[White "Soham Kamotra"]
[Black "Chigaev, Maksim"]
[WhiteFideId "46647490"]
[BlackFideId "4108116"]
[WhiteElo "2319"]
[BlackElo "2628"]
[Result "0-1"]
[Round "05"]
[TimeControl "180+2"]
[Date "2023.02.21"]
[WhiteClock "0:00:07"]
[BlackClock "0:00:04"]

1. Nf3 d5 2. c4 c6 3. b3 Nf6 4. Bb2 Bf5 5. g3 e6 6. Bg2 Nbd7 7. O-O h6 8. d3 Bh7 9. Nc3 Be7 10. Qc2 O-O 11. Rad1 Rc8 12. e4 a5 13. Rfe1 b5 14. Qe2 Bb4 15. e5 Ne8 16. d4 bxc4 17. bxc4 Nb6 18. Nd2 Bxc3 19. Bxc3 Na4 20. Qe3 Rb8 21. Nb3 Nxc3 22. Qxc3 Ra8 23. Nc5 Nc7 24. Nb7 Qe7 25. Nxa5 Ra6 26. Nb7 Rxa2 27. Nd6 Rb8 28. Ra1 Rxa1 29. Rxa1 Ne8 30. c5 Bg6 31. Bf1 Qd8 32. h4 h5 33. Qa3 Nc7 34. Qa5 Ra8 35. Qc3 Qb8 36. Rxa8 Qxa8 37. Qb4 Kh7 38. Qb6 Qa1 39. Qxc7 Bd3 40. Kg2 Qxf1+ 41. Kf3 Qe2+ 42. Kg2 Qf1+ 43. Kf3 Qh1+ 44. Ke3 Bg6 45. Qxc6 Qe1+ 46. Kf3 Qh1+ 47. Ke3 Qe1+ 48. Kf3 Be4+ 49. Kf4 Qxf2+ 50. Kg5 Qxg3+ 0-1


[Site "https://www.chess.com"]

[Event "Titled Tuesday Blitz February 21 Late 2023"]
[White "Ibarra Jerez, Jose Carlos"]
[Black "Aydincelebi, Kagan"]
[WhiteFideId "2226332"]
[BlackFideId "6361102"]
[WhiteElo "2563"]
[BlackElo "2280"]
[Result "1-0"]
[Round "05"]
[TimeControl "180+2"]
[Date "2023.02.21"]
[WhiteClock "0:00:18"]
[BlackClock "0:00:10"]

1. e4 c5 2. Nf3 Nc6 3. d4 cxd4 4. Nxd4 Nf6 5. Nc3 d6 6. Nd5 e6 7. Nxf6+ Qxf6 8. Nb5 Qd8 9. c4 Be7 10. Bf4 e5 11. Be3 Be6 12. Qd2 O-O 13. Rd1 a6 14. Nc3 Qa5 15. a3 Rac8 16. Be2 Nd4 17. Bd3 Bxc4 18. Bxc4 Rxc4 19. O-O Re8 20. Qd3 b5 21. Nd5 Bf8 22. b3 Rcc8 23. Bxd4 exd4 24. b4 Qd8 25. Rfe1 Rc4 26. f4 Qh4 27. h3 Rec8 28. Kh2 Rc2 29. Re2 Rxe2 30. Qxe2 Rc4 31. Rd3 h6 32. Rg3 Kh7 33. Qd3 g6 34. e5 dxe5 35. fxe5 Bg7 36. Qe2 d3 37. Rxd3 Re4 38. Qf3 Bxe5+ 39. g3 Bxg3+ 40. Qxg3 Re2+ 41. Kg1 Qc4 42. Nc3 Qe6 43. Nxe2 Qxe2 44. Qf3 Qe1+ 45. Kg2 Qe6 46. Re3 Qa2+ 47. Re2 Qc4 48. Rf2 Kg7 49. Qf6+ Kg8 50. Qd8+ Kg7 51. Qf6+ Kg8 52. Qe5 h5 53. Kg3 Qd3+ 54. Rf3 Qd1 55. Qe8+ 1-0


[Site "https://www.chess.com"]

[Event "Titled Tuesday Blitz February 21 Late 2023"]
[White "Livaic, Leon"]
[Black "Perske, Thore"]
[WhiteFideId "14531534"]
[BlackFideId "12902195"]
[WhiteElo "2579"]
[BlackElo "2448"]
[Result "1-0"]
[Round "05"]
[TimeControl "180+2"]
[Date "2023.02.21"]
[WhiteClock "0:00:49"]
[BlackClock "0:00:11"]

1. d4 Nf6 2. Bg5 e6 3. Nd2 h6 4. Bh4 b6 5. e4 Be7 6. e5 Nd5 7. Bxe7 Nxe7 8. f4 Bb7 9. Ngf3 d6 10. Bb5+ Bc6 11. Qe2 Bxb5 12. Qxb5+ Qd7 13. Qxd7+ Nxd7 14. exd6 cxd6 15. Ne4 Nf5 16. c3 h5 17. Kf2 Ke7 18. g3 b5 19. h3 d5 20. Nc5 Nd6 21. Nd3 Ne4+ 22. Kg2 a5 23. a3 Nb6 24. Rhe1 Nc4 25. Ng5 Ncd6 26. Nc5 Nxc5 27. dxc5 Nb7 28. b4 g6 29. Nf3 Ra6 30. Nd4 Rha8 31. Nxb5 axb4 32. cxb4 Kd7 33. Nd4 Kc7 34. Re2 Ra4 35. Rea2 Kd8 36. Nb5 Kd7 37. Nc3 R4a7 38. a4 Nd8 39. b5 Ra5 40. Ne2 f6 41. Nd4 e5 42. fxe5 fxe5 43. Nb3 R5a7 44. a5 Ne6 45. a6 d4 46. b6 1-0


[Site "https://www.chess.com"]

[Event "Titled Tuesday Blitz February 21 Late 2023"]
[White "Ozer, Omer Faruk"]
[Black "KhalilMousavi98"]
[WhiteFideId "6354564"]
[WhiteElo "2360"]
[BlackElo "2871"]
[Result "0-1"]
[Round "05"]
[TimeControl "180+2"]
[Date "2023.02.21"]
[WhiteClock "0:00:29"]
[BlackClock "0:00:36"]

1. e4 c5 2. Nf3 e6 3. d3 Nc6 4. Nbd2 g6 5. g3 Bg7 6. Bg2 Nge7 7. O-O O-O 8. Re1 d6 9. Nf1 h6 10. c3 e5 11. a3 a5 12. a4 Kh7 13. N3d2 Be6 14. Ne3 f5 15. Nd5 f4 16. Nc4 g5 17. Bf3 Ng6 18. Bg4 Bxg4 19. Qxg4 Nce7 20. Qe6 Nxd5 21. exd5 Rf6 22. Qg4 Qg8 23. Qe2 Raf8 24. Qe4 Kh8 25. Nxa5 Qf7 26. Bd2 Ne7 27. c4 Qh5 28. Rf1 Nf5 29. Nb3 g4 0-1


[Site "https://www.chess.com"]

[Event "Titled Tuesday Blitz February 21 Late 2023"]
[White "Gascon Del Nogal, Jose Rafael"]
[Black "Sanal, Vahap"]
[WhiteFideId "3902463"]
[BlackFideId "6300545"]
[WhiteElo "2459"]
[BlackElo "2600"]
[Result "0-1"]
[Round "05"]
[TimeControl "180+2"]
[Date "2023.02.21"]
[WhiteClock "0:00:02"]
[BlackClock "0:00:23"]

1. e4 c5 2. Nf3 d6 3. Bb5+ Nd7 4. a4 Nf6 5. Nc3 g6 6. a5 a6 7. Bc4 e6 8. d4 cxd4 9. Qxd4 Qc7 10. O-O Bg7 11. Rd1 O-O 12. Bf1 d5 13. exd5 Nxd5 14. Nxd5 exd5 15. Qxd5 Qxc2 16. Bf4 Nf6 17. Qc4 Qxc4 18. Bxc4 Bg4 19. Rac1 Nh5 20. Bd6 Rfd8 21. Ba3 Nf4 22. Bf1 h6 23. Rxd8+ Rxd8 24. h3 Nxh3+ 25. gxh3 Bxf3 26. Bg2 Bxg2 27. Kxg2 Rd5 28. Rc8+ Kh7 29. Rc7 Rg5+ 30. Kf1 Rxa5 31. Rxf7 Rf5 32. Rxb7 g5 33. Rb6 a5 34. Ra6 Bd4 35. Ke2 Rxf2+ 36. Kd3 Bxb2 37. Bxb2 Rxb2 38. Ra7+ Kg6 39. Ke4 Rh2 40. Ra6+ Kh5 0-1


[Site "https://www.chess.com"]

[Event "Titled Tuesday Blitz February 21 Late 2023"]
[White "Panesso Rivera, Henry"]
[Black "Gholami Orimi, Mahdi"]
[WhiteFideId "4402707"]
[BlackFideId "12558486"]
[WhiteElo "2342"]
[BlackElo "2420"]
[Result "0-1"]
[Round "05"]
[TimeControl "180+2"]
[Date "2023.02.21"]
[WhiteClock "0:02:17"]
[BlackClock "0:02:37"]

1. Nf3 g6 2. g3 Bg7 3. d4 d5 4. Bg2 Nf6 5. O-O c6 6. Ne5 O-O 7. c4 dxc4 8. Na3 Be6 9. Nexc4 Qc8 10. e3 Rd8 11. Qe2 Bh3 12. Bd2 Bxg2 13. Kxg2 c5 14. dxc5 Qxc5 0-1


[Site "https://www.chess.com"]

[Event "Titled Tuesday Blitz February 21 Late 2023"]
[White "Martinez Ramirez, Lennis"]
[Black "Bernadskiy, Vitaliy"]
[WhiteFideId "3509079"]
[BlackFideId "14100371"]
[WhiteElo "2426"]
[BlackElo "2592"]
[Result "1-0"]
[Round "05"]
[TimeControl "180+2"]
[Date "2023.02.21"]
[WhiteClock "0:00:16"]
[BlackClock "0:00:29"]

1. c4 Nf6 2. Nc3 e6 3. Nf3 d5 4. d4 Be7 5. Bg5 h6 6. Bh4 O-O 7. e3 c6 8. Qc2 Nbd7 9. Rd1 a6 10. a3 b5 11. c5 e5 12. dxe5 Ng4 13. Bg3 Bxc5 14. h3 Nxe3 15. fxe3 Bxe3 16. Bf2 Bxf2+ 17. Qxf2 Re8 18. Be2 Nxe5 19. O-O Qc7 20. Nxe5 Rxe5 21. Bf3 Bf5 22. Qc5 Qa7 23. Qxa7 Rxa7 24. Ne2 Bd7 25. Rc1 Kf8 26. Nd4 Rc7 27. Rc5 Ke7 28. Rfc1 Kd6 29. Kf2 f5 30. b4 g5 31. g4 f4 32. R5c3 Rc8 33. Nb3 Be8 34. Rd1 Bf7 35. Nc5 Ra8 36. Rd2 Kc7 37. Nb3 Kd6 38. Na5 Be8 39. Nb7+ Kc7 40. Na5 Kd7 41. Nxc6 Re6 42. Rxd5+ Rd6 43. Ne5+ Ke6 44. Rxd6+ Kxd6 45. Bxa8 1-0


[Site "https://www.chess.com"]

[Event "Titled Tuesday Blitz February 21 Late 2023"]
[White "Zhigalko, Sergei"]
[Black "Zhurbinsky, David"]
[WhiteFideId "13502956"]
[BlackFideId "2072904"]
[WhiteElo "2572"]
[BlackElo "2045"]
[Result "1-0"]
[Round "05"]
[TimeControl "180+2"]
[Date "2023.02.21"]
[WhiteClock "0:00:40"]
[BlackClock "0:00:02"]

1. e4 e5 2. Nf3 Nc6 3. Bc4 Bc5 4. b4 Bb6 5. a4 a6 6. Nc3 Nf6 7. Nd5 d6 8. Nxb6 cxb6 9. d3 Nxb4 10. Rb1 Nc6 11. Be3 O-O 12. Bxb6 Qe7 13. O-O Bg4 14. h3 Bh5 15. g4 Nxg4 16. hxg4 Bxg4 17. Kg2 Qf6 18. Rh1 Ne7 19. Be3 Ng6 20. Rxb7 Nf4+ 21. Bxf4 Qxf4 22. Qe2 Qf6 23. Qe3 Rab8 24. Rxb8 Rxb8 25. Ng5 h6 26. Nxf7 Kf8 27. Nxh6 gxh6 28. Qxh6+ Qxh6 29. Rxh6 Ke7 30. Rh7+ Kf6 31. Bxa6 Rb2 32. Rc7 Ra2 33. Bb5 Bd1 34. Rd7 Ke6 35. Rc7 Rxc2 36. Rxc2 Bxc2 37. a5 Ke7 38. a6 Bxd3 39. Bxd3 1-0


[Site "https://www.chess.com"]

[Event "Titled Tuesday Blitz February 21 Late 2023"]
[White "Samsonkin, Artiom"]
[Black "Ladopoulos, Dimitrios"]
[WhiteFideId "13503111"]
[BlackFideId "4239580"]
[WhiteElo "2420"]
[BlackElo "2391"]
[Result "1-0"]
[Round "05"]
[TimeControl "180+2"]
[Date "2023.02.21"]
[WhiteClock "0:00:06"]
[BlackClock "0:00:01"]

1. d4 e6 2. e4 d5 3. Nc3 Nf6 4. Bg5 dxe4 5. Nxe4 Nbd7 6. Nf3 h6 7. Bxf6 Nxf6 8. Bd3 Nxe4 9. Bxe4 c5 10. O-O cxd4 11. Qe2 Qb6 12. Rad1 Be7 13. Nxd4 O-O 14. c3 Bf6 15. Nb5 a6 16. Nd6 Rd8 17. Nc4 Qc7 18. Rxd8+ Bxd8 19. Rd1 Be7 20. Qd3 Rb8 21. Nd6 b5 22. Ne8 Qb6 23. Qg3 g5 24. Qh3 e5 25. Qg3 f6 26. Qf3 Be6 27. Nxf6+ Kh8 28. Qh5 1-0


[Site "https://www.chess.com"]